 Dungeon Crawl Stone Soup version 0.21-a0-552-g593960d (webtiles) character file.

1 tidbits the Caller (level 1, 1/13 HPs)
             Began as a Gnoll Summoner on Dec 17, 2017.
             Quit the game on level 1 of the Dungeon.
             The game lasted 00:01:08 (134 turns).

tidbits the Caller (Gnoll Summoner)                  Turns: 134, Time: 00:01:09

Health: 1/13       AC:  3    Str: 10    XL:     1   Next: 20%
Magic:  3/6        EV: 14    Int: 17    God:
Gold:   32         SH:  0    Dex: 15    Spells: 8/9 levels left

rFire    . . .     SeeInvis .   d - +0 dagger
rCold    . . .     Gourm    .   (no shield)
rNeg     . . .     Faith    .   a - +0 robe
rPois    .         Spirit   .   (no helmet)
rElec    .         Reflect  .   (no cloak)
rCorr    .         Harm     .   G - +0 pair of gloves
MR       .....                  (no boots)
Stlth    +++.......             (no amulet)
HPRegen  0.04/turn              (no ring)
MPRegen  0.10/turn              (no ring)

@: no status effects
A: distributed training, fangs 1, strong nose
a: no special abilities


You were on level 1 of the Dungeon.
You were not hungry.

You visited 1 branch of the dungeon, and saw 2 of its levels.

You collected 32 gold pieces.

Inventory:

Hand Weapons
 d - a +0 dagger (weapon)
Missiles
 e - 6 curare-tipped needles
 f - 24 stones (quivered)
Armour
 a - a +0 robe (worn)
 G - a +0 pair of gloves (worn)
Potions
 g - a potion of curing {unknown}
Books
 b - a book of Callings

   Spells                             Type                      Level
   a - Summon Small Mammal            Summoning                    1
   b - Call Imp                       Summoning                    2
   c - Call Canine Familiar           Summoning                    3
   d - Summon Guardian Golem          Hexes/Summoning              3
   e - Summon Lightning Spire         Summoning/Air                4
   f - Summon Ice Beast               Ice/Summoning                4
Comestibles
 c - a bread ration


   Skills:
 + Level 0.0 Fighting
 + Level 0.0 Short Blades
 + Level 0.0 Long Blades
 + Level 0.0 Axes
 + Level 0.0 Maces & Flails
 + Level 0.0 Polearms
 + Level 0.0 Staves
 + Level 0.0 Slings
 + Level 0.0 Bows
 + Level 0.0 Crossbows
 + Level 0.0 Throwing
 + Level 0.0 Armour
 + Level 4.4 Dodging
 + Level 4.0 Stealth
 + Level 0.0 Shields
 + Level 0.0 Unarmed Combat
 + Level 4.8 Spellcasting
 + Level 0.0 Conjurations
 + Level 0.0 Hexes
 + Level 0.0 Charms
 + Level 7.0 Summonings
 + Level 0.0 Necromancy
 + Level 0.0 Translocations
 + Level 0.0 Transmutations
 + Level 0.0 Fire Magic
 + Level 0.0 Ice Magic
 + Level 0.0 Air Magic
 + Level 0.0 Earth Magic
 + Level 0.0 Poison Magic
 + Level 0.0 Invocations
 + Level 0.0 Evocations


You had 8 spell levels left.
You knew the following spells:

 Your Spells              Type           Power        Failure   Level  Hunger
a - Summon Small Mammal   Summ           ####         1%          1    None


Dungeon Overview and Level Annotations

Branches:
Dungeon (2/15)

Altars:


Innate Abilities, Weirdness & Mutations

Your experience applies equally to all skills.
You have very sharp teeth.
Your uncanny sense of smell can sniff out nearby items.


Message History

You finish putting on your +0 pair of gloves.
Adjust (i)tems, (s)pells, or (a)bilities?
Adjust which item? (? for menu, Esc to quit)
h - a +0 pair of gloves (worn)
Adjust to which letter? (? for menu, Esc to quit)
G - a +0 pair of gloves (worn)
Found a twisted opal ring and 13 gold pieces.
A hobgoblin comes into view. It is wielding a club.
You now have 23 gold pieces (gained 13).
You swap places.
Found a stone staircase leading up.
Found a whip.
Found 9 gold pieces.
Found a hunting sling.
You now have 32 gold pieces (gained 9).
You swap places.
Your quokka disappears in a puff of smoke!
There is a stone staircase leading up here.
You climb upwards.
Your summoned ally is left behind.
A leopard gecko, a bat, 2 jackals and a kobold come into view.
The jackal barks!
You hear a shout!
The bat barely misses you.
The jackal moves out of view.
The bat completely misses you.
The leopard gecko hisses angrily.
A jackal comes into view.
There is a stone staircase leading down here.
The kobold shouts!
The bat misses you.
The jackal barks!
The bat closely misses you. The bat barely misses you.
The leopard gecko bites you.
A kobold comes into view. It is wielding a club.
The kobold shouts!
The bat closely misses you. The bat hits you but does no damage.
The kobold throws a stone.
The stone misses you.
Casting: Summon Small Mammal
Confirm with . or Enter, or press ? or * to list all spells.
The bat hits you but does no damage. The bat misses you.
The kobold throws a stone.
The stone hits you but does no damage. The bat hits you.
Your quokka completely misses the jackal.
The kobold throws a stone.
The stone misses you.
You swap places.
The jackal completely misses you.
Your quokka bites the jackal.
The jackal misses you. The jackal misses you.
Your quokka bites the jackal.
The jackal dies!
The jackal closely misses your quokka.
Casting: Summon Small Mammal
Confirm with . or Enter, or press ? or * to list all spells.
The jackal bites your quokka. x2
Your quokka bites the leopard gecko but does no damage.
The leopard gecko bites you but does no damage.
The jackal bites your quokka but does no damage.
The jackal bites your quokka but does no damage.
Your quokka bites the jackal.
The leopard gecko closely misses you. The jackal bites your quokka.
The jackal closely misses your quokka.
Your quokka closely misses the jackal.
You swap places.
Your bat hits the leopard gecko. The jackal misses your quokka.
The jackal closely misses your quokka.
Your quokka bites the jackal but does no damage.
Your bat closely misses the bat.
Casting: Summon Small Mammal
Confirm with . or Enter, or press ? or * to list all spells.
The bat hits your bat but does no damage.
Your bat closely misses the bat.
The bat barely misses your bat.
Your bat barely misses the bat.
The jackal closely misses your quokka. The leopard gecko barely misses you.
Your quokka barely misses the jackal.
The jackal bites your bat.
Your bat dies!
Your bat's corpse disappears in a puff of smoke!
The jackal bites your quokka. The leopard gecko barely misses you.
The jackal bites your quokka.
Your quokka bites the jackal.
The jackal bites your quokka.
Your quokka dies!
Your quokka's corpse disappears in a puff of smoke!
The leopard gecko bites you.
* * * LOW HITPOINT WARNING * * *
You swap places.
The leopard gecko closely misses your rat.
Your rat closely misses the leopard gecko.
The leopard gecko closely misses your rat.
Your rat misses the leopard gecko. The leopard gecko bites your rat.
Your rat dies!
Your rat's corpse disappears in a puff of smoke!
Casting: Summon Small Mammal
Confirm with . or Enter, or press ? or * to list all spells.
The leopard gecko barely misses you. The leopard gecko bites you.
* * * LOW HITPOINT WARNING * * *
Your quokka misses the leopard gecko. You closely miss the leopard gecko.
Your quokka barely misses the leopard gecko.
The leopard gecko bites you.
* * * LOW HITPOINT WARNING * * *
You miss the leopard gecko. Your quokka misses the leopard gecko.
The leopard gecko bites you but does no damage.
You barely miss the leopard gecko. The leopard gecko barely misses you.
Your quokka completely misses the leopard gecko.
Are you sure you want to abandon this character and quit the game? (Confirm with "yes".)

##. ... ...# #
###.###..#
#.#.....#..#
###.#.....#..#
..........h..#
#..>..#K. #
#.....#.#
#..###†###@#
#....(hbKlr#
#.....######
#######


You could see a leopard gecko, 2 jackals, a bat, 2 kobolds and a friendly
quokka.

Vanquished Creatures (collateral kills)
  A jackal (D:1)
  A rat (D:2)
2 creatures vanquished.

Notes
Turn   | Place    | Note
-------+----------+-------------------------------------------
     0 | D:1      | tidbits the Gnoll Summoner began the quest for the Orb.
     0 | D:1      | Reached XP level 1. HP: 13/13 MP: 6/6
   131 | D:1      | HP: 1/13 [leopard gecko (2)]
   134 | D:1      | Quit the game

Vault maps used:
D:1:      dpeg_arrival_snail, st_stairs_3
D:2:      uniq_sigmund

Action                   || total
-------------------------++-------
Melee: Dagger            ||     3
 Cast: Summon Small Mamm ||     6
Armor: Robe              ||     5
Dodge: Dodged            ||    17

Table legend:
 A = Spawn XP
 B = Non-spawn XP
 C = Spawn XP percentage of total XP
 D = Spawn monster count
 E = Non-spawn monster count
 F = Spawn count percentage of total count
 G = Total turns spent on level
                    A         B        C        D         E        F      G
               +---------+---------+-------+---------+---------+-------+---------
         Total |       0 |       2 |   0.0 |       0 |       2 |   0.0 |   134
               +---------+---------+-------+---------+---------+-------+---------
           D:1 |       0 |       1 |   0.0 |       0 |       1 |   0.0 |    91
           D:2 |       0 |       1 |   0.0 |       0 |       1 |   0.0 |    43
               +---------+---------+-------+---------+---------+-------+---------

Table legend:
 A = Turns spent in this place as a percentage of turns spent in the entire game.
 B = Non-inter-level travel turns spent in this place as a percentage of non-inter-level travel turns spent in the entire game.
 C = Inter-level travel turns spent in this place as a percentage of turns spent in this place.
 D = Turns resting spent in this place as a percentage of non-inter-level travel turns spent in this place.
 E = Turns spent auto-exploring this place as a percentage of non-inter-level travel turns spent in this place.
 F = Non-inter-level travel turns spent in this place divided by the number of levels of this place that you've seen.
                   A       B       C       D       E      F
               +-------+-------+-------+-------+-------+----------------------
         Total | 100.0 | 100.0 |   0.0 |   0.0 |   0.0 |  67.0
       Dungeon | 100.0 | 100.0 |   0.0 |   0.0 |   0.0 |  67.0
               +-------+-------+-------+-------+-------+----------------------

Table legend:
 A = Kills in this place as a percentage of kills in entire the game.
 B = Kills by you in this place as a percentage of kills by you in the entire game.
 C = Kills by friends in this place as a percentage of kills by friends in the entire game.
 D = Other kills in this place as a percentage of other kills in the entire game.
 E = Experience gained in this place as a percentage of experience gained in the entire game.
 F = Experience gained in this place divided by the number of levels of this place that you have seen.
                   A       B       C       D       E      F
               +-------+-------+-------+-------+-------+----------------------
         Total | 100.0 |   N/A | 100.0 |   N/A | 100.0 |   1.0
       Dungeon | 100.0 |   N/A | 100.0 |   N/A | 100.0 |   1.0
               +-------+-------+-------+-------+-------+----------------------

Vault maps used:
D:1:      dpeg_arrival_snail, st_stairs_3
D:2:      uniq_sigmund
